 Dungeon Crawl Stone Soup version 0.29.0-11-gd7f09526c8 (webtiles) character file.

Game seed: 6212502386318303939

42 RKaid the Shooter (level 3, -7/21 HPs)
             Began as a Deep Elf Hunter on Sept 3, 2022.
             Killed by an exploding hobgoblin (22 damage)
             ... ignited by their inner flame
             ... on level 2 of the Dungeon.
             The game lasted 00:04:02 (1628 turns).

RKaid the Shooter (Deep Elf Hunter)                 Turns: 1628, Time: 00:04:02

Health: -7/21      AC:  3    Str:  8    XL:     3   Next: 35%
Magic:  5/5        EV: 13    Int: 13    God:
Gold:   91         SH:  0    Dex: 20    Spells: 2/2 levels left

rFire   . . .      SeeInvis .   a - +0 shortbow
rCold   . . .      Faith    .   (shield currently unavailable)
rNeg    . . .      Spirit   .   c - +0 leather armour
rPois   .          Reflect  .   (no helmet)
rElec   .          Harm     .   (no cloak)
rCorr   .          Rampage  .   (no gloves)
Will    .....                   (no boots)
Stlth   ++........              (no amulet)
HPRegen 0.07/turn               (no ring)
MPRegen 0.09/turn               (no ring)

@: no status effects
A: no striking features
a: no special abilities


You were on level 2 of the Dungeon.
You visited 1 branch of the dungeon, and saw 2 of its levels.

You collected 91 gold pieces.

Inventory:

Hand Weapons
 a - a +0 shortbow (weapon)
 b - a +1 short sword of venom
   (You took it off a kobold on level 2 of the Dungeon)
Armour
 c - a +0 leather armour (worn)
Scrolls
 d - a scroll of brand weapon {unknown}
 h - a scroll of blinking {unknown}
Potions
 e - 2 potions of curing {unknown}
 f - a potion of lignification {unknown}
 g - a potion of berserk rage {unknown}
 j - a potion of haste {unknown}


   Skills:
 + Level 2.0 Fighting
 * Level 6.2 Ranged Weapons
 + Level 3.0 Dodging
 - Level 1.2 Stealth


You had 2 spell levels left.
You didn't know any spells.
Your spell library was empty.

Dungeon Overview and Level Annotations

Branches:
Dungeon (2/15)

Altars:

Annotations:
D:2 Robin


Message History

The arrow hits the hobgoblin but does no damage.
The hobgoblin closely misses you.
You shoot an arrow.
The arrow hits the hobgoblin but does no damage.
The hobgoblin hits you. x2
You shoot an arrow. The arrow hits the hobgoblin!
You kill the hobgoblin!
You shoot an arrow. The arrow barely misses the endoplasm.
The endoplasm hits you but does no damage.
You shoot an arrow.
The arrow completely misses the endoplasm.
The endoplasm hits you but does no damage.
You shoot an arrow.
The arrow hits the endoplasm but does no damage.
The endoplasm closely misses you.
You shoot an arrow. The arrow hits the endoplasm.
The endoplasm barely misses you. The endoplasm freezes you.
You are frozen.
You shoot an arrow. The arrow hits the endoplasm!
You kill the endoplasm!
No target in view!
No target in view!
You start resting.
An endoplasm and a rat come into view.
The endoplasm quivers.
You shoot an arrow. The arrow hits the rat!
You kill the rat!
You shoot an arrow. The arrow hits the endoplasm.
You kill the endoplasm!
No target in view!
You see here a rat corpse.
j - a fizzy emerald potion You now have 91 gold pieces (gained 13).
Found a stone staircase leading down.
Robin, 2 hobgoblins and 3 goblins come into view.
Robin is wielding a +1 spear of freezing.
A goblin is wielding a +0 dagger of protection.
The goblin shouts!
The hobgoblin shouts!
The goblin shouts!
The hobgoblin shouts!
The goblin shouts!
You hear a shout! x3
Robin says, "Kneel, worm!"
Robin roars a battlecry!
The goblins go into a battle-frenzy!
The hobgoblin moves out of view.
You hear a shout!
You hear a shout!
You shoot an arrow.
The arrow hits the goblin but does no damage.
The goblin closely misses you.
You shoot an arrow. The arrow barely misses the goblin.
The goblin misses you.
You shoot an arrow. The arrow hits the goblin!
You kill the goblin!
The goblin unwields a +0 dagger.
The goblin wields a +0 vorpal sling.
The goblin shoots a sling bullet.
The sling bullet completely misses you.
You shoot an arrow. The arrow barely misses the goblin.
The goblin shoots a sling bullet.
The sling bullet hits you.
You hear a shout!
You shoot an arrow. The arrow barely misses the goblin.
The goblin shoots a sling bullet.
The sling bullet hits you.
A goblin comes into view. It is wielding a +0 club.
The goblin shoots a sling bullet.
The sling bullet misses you.
You shoot an arrow. The arrow completely misses the goblin.
You shoot an arrow. The arrow completely misses the goblin.
A hobgoblin comes into view.
The goblin shoots a sling bullet.
The sling bullet misses you.
You shoot an arrow. The arrow hits the goblin.
The goblin no longer looks unusually strong.
You shoot an arrow. The arrow hits the goblin.
You kill the goblin!
The hobgoblin no longer looks unusually strong.
Press: ? - help, v - describe, . - travel, g - get item Item here: a +0 dagger of protection.
The floor.
Unknown command.
You shoot an arrow. The arrow hits the goblin!
You kill the goblin!
The hobgoblin no longer looks unusually strong.
The goblin unwields a +0 club.
The goblin wields a +0 sling.
The goblin shoots a sling bullet.
The sling bullet barely misses you.
A goblin comes into view.
It is wielding a +2 dagger of protection.
Robin roars a battlecry!
The goblins go into a battle-frenzy!
Really read
i - a scroll of immolation {!r}?
Really read the scroll of immolation?
As you read the scroll of immolation {!r}, it crumbles to dust.
The creatures around you are filled with an inner flame!
Robin throws the goblin at you!
Fire: a) +0 shortbow
Press: ? - help, Q - select action Shift-Dir - straight line, f - hobgoblin
Aim: a hobgoblin (inner flame, strong, 66% to hit)
You shoot an arrow.
The arrow hits the hobgoblin but does no damage.
The goblin barely misses you.
Fire: a) +0 shortbow
Press: ? - help, Q - select action Shift-Dir - straight line, f/p - hobgoblin
Aim: a hobgoblin (inner flame, strong, 66% to hit)
You shoot an arrow. The arrow hits the hobgoblin!
The hobgoblin explodes!
The fiery explosion engulfs you!!
Ouch! That really hurt!
You die...

.# gg ### g# ..# .# #.#
g# #.# .# #
################§###.#.#
.............g@§g.gg..>#
..............##§#.g.###
######..#######.#.#.# #
#.## #.....# .. ##.#
###.#.# ... #..######
#.#.# ....###.......#
#.#.# ..............#
#.#.# ....##........#
#.#


You could see Robin (inner flame), 2 hobgoblins and 2 goblins.

Vanquished Creatures
  A dart slug (D:1)
  2 ball pythons
  5 bats (D:1)
  6 endoplasms
  A giant cockroach (D:1)
  6 goblins
  5 hobgoblins
  4 quokkas
  2 frilled lizards
  3 kobolds
  2 rats
37 creatures vanquished.

Notes
Turn   | Place    | Note
-------+----------+-------------------------------------------
     0 | D:1      | RKaid the Deep Elf Hunter began the quest for the Orb.
     0 | D:1      | Reached XP level 1. HP: 12/12 MP: 3/3
   309 | D:1      | Reached XP level 2. HP: 17/17 MP: 4/4
   966 | D:1      | Reached skill level 6 in Ranged Weapons
  1105 | D:1      | Reached skill level 2 in Fighting
  1105 | D:1      | Reached skill level 3 in Dodging
  1223 | D:2      | Reached XP level 3. HP: 21/21 MP: 5/5
  1610 | D:2      | Noticed Robin
  1628 | D:2      | Killed by an exploding hobgoblin... ignited by their inner
                  | flame

Illustrated notes

Levels and vault maps discovered:
D:1:      dpeg_arrival_rooms_b, layout_basic, lemuel_old_faithful
D:2:      layout_basic, uniq_robin

Skill      XL: |  1  2 |
---------------+-------+-----
Ranged Weapons | 6 |  6.2
Fighting       | 2 |  2.0
Dodging        | 3 |  3.0
Stealth        | |  1.2

Action                   || total
-------------------------++-------
 Fire: Shortbow          ||    93
  Use: Scroll            ||     1
Armor: Leather armour    ||     6
Dodge: Dodged            ||    27

Table legend: (Time is in decaauts)
 A = Elapsed time spent in this place.
 B = Non-inter-level travel time spent in this place.
 C = Inter-level travel time spent in this place.
 D = Time resting spent in this place.
 E = Time spent auto-exploring this place.
 F = Levels seen in this place.
 G = Mean time per level.
                   A        B        C        D        E       F      G
               +--------+--------+--------+--------+--------+-----+--------+
         Total |   1651 |   1604 |     47 |    438 |    983 |   2 |  825.5 |
       Dungeon |   1651 |   1604 |     47 |    438 |    983 |   2 |  825.5 |
               +--------+--------+--------+--------+--------+-----+--------+

Top non-repeatable levels by time:
     D:1: 1231 daAuts
     D:2: 419 daAuts

Table legend:
 A = Kills in this place as a percentage of kills in entire the game.
 B = Kills by you in this place as a percentage of kills by you in the entire game.
 C = Kills by friends in this place as a percentage of kills by friends in the entire game.
 D = Other kills in this place as a percentage of other kills in the entire game.
 E = Experience gained in this place as a percentage of experience gained in the entire game.
 F = Experience gained in this place divided by the number of levels of this place that you have seen.
                   A       B       C       D       E      F
               +-------+-------+-------+-------+-------+----------------------
         Total | 100.0 | 100.0 |   N/A |   N/A | 100.0 |  31.5
       Dungeon | 100.0 | 100.0 |   N/A |   N/A | 100.0 |  31.5
               +-------+-------+-------+-------+-------+----------------------
